Map: Triton LE

Players

Zest

  • Race: Protoss Protoss
  • Spawn Location: 5:00

ShoWTimE - Winner!

  • Race: Protoss Protoss
  • Spawn Location: 11:00

Event: IEM Katowice 2020

VOD

Have the link to the VOD?

Description

Time

  • Played on: Feb. 27, 2020, 1:18 p.m.
  • Length: 12:17

All games in this series

Show
View Real Time Build Order
Export as new Build Order

Zest Protoss 

Build Orders: Oracle Opening, Zealot Archon 

Get SALT Encoding   

  12  0:00  Probe  
  13  0:12  Probe  
  14  0:17  Pylon  
  14  0:25  Probe (Chrono Boost)  
  15  0:37  Probe (Chrono Boost), Gateway  
  16  0:44  Probe (Chrono Boost)  
  16  0:46  Assimilator  
  17  0:51  Probe  
  17  0:54  Assimilator  
  18  1:03  Probe (Chrono Boost)  
  19  1:06  Gateway  
  19  1:12  Probe (Chrono Boost)  
  19  1:17  Probe (Chrono Boost)  
  20  1:24  Cybernetics Core  
  21  1:29  Probe  
  22  1:33  Pylon  
  22  1:41  Probe  
  23  1:54  Probe  
  24  1:57  Warp Gate (Chrono Boost)  
  24  2:00  Adept x2  
  28  2:04  Pylon  
  28  2:21  Probe  
  29  2:30  Sentry x2  
  33  2:38  Nexus  
  33  2:42  Probe  
  34  2:57  Stalker x2  
  38  3:04  Probe  
  39  3:12  Forge  
  39  3:18  Oracle  
  39  3:29  Probe (Chrono Boost)  
  39  3:32  Pylon  
  36  3:41  Probe (Chrono Boost)  
  37  3:44  Protoss Ground Weapons Level 1 (Chrono Boost)  
  37  3:47  Probe (Chrono Boost)  
  38  3:49  Robotics Facility  
  38  3:51  Probe (Chrono Boost)  
  38  3:53  Sentry, Stalker  
  43  4:00  Probe (Chrono Boost)  
  43  4:01  Probe (Chrono Boost)  
  45  4:02  Shield Battery  
  45  4:06  Probe  
  45  4:08  Probe  
  47  4:18  Probe (Chrono Boost)  
  49  4:25  Probe (Chrono Boost)  
  49  4:30  Probe (Chrono Boost)  
  50  4:32  Stalker  
  50  4:35  Probe x2 (Chrono Boost), Shield Battery  
  50  4:37  Adept  
  54  4:44  Probe  
  54  4:45  Probe  
  54  4:52  Twilight Council  
  54  4:53  Warp Prism  
  54  4:57  Probe (Chrono Boost), Assimilator  
  54  4:58  Probe (Chrono Boost)  
  58  5:00  Assimilator  
  58  5:09  Probe (Chrono Boost)  
  58  5:12  Pylon  
  60  5:14  Probe (Chrono Boost)  
  60  5:16  Probe (Chrono Boost)  
  60  5:19  Gateway x2  
  60  5:21  Probe  
  62  5:29  Charge  
  62  5:31  Templar Archives  
  62  5:36  Observer  
  62  5:39  Pylon  
  63  5:44  Gateway  
  63  5:45  Gateway  
  63  5:46  Probe x2  
  63  5:47  Protoss Ground Weapons Level 2 (Chrono Boost)  
  65  6:02  Nexus  
  65  6:18  Pylon  
  65  6:25  Gateway  
  65  6:26  Gateway  
  65  6:28  Pylon  
  65  6:31  Pylon  
  65  6:38  Pylon  
  65  6:40  High Templar x3  
  65  6:41  Phoenix  
  65  6:42  High Templar  
  73  6:47  Archon  
  73  6:48  Archon  
  73  6:50  Zealot x2  
  76  7:22  High Templar, Zealot x4  
  82  7:23  High Templar, Zealot x2  
  82  7:26  Probe x2  
  82  7:27  Archon  
  94  7:32  Pylon  
  94  7:33  Probe  
  95  7:38  Probe x2  
  95  7:42  Gateway  
  95  7:43  High Templar x2, Zealot x2  
  95  7:44  Zealot x2  
  109  7:45  Gateway  
  109  7:47  Archon  
  109  7:55  Pylon  
  109  8:02  Zealot x2  
  113  8:06  High Templar x2, Zealot  
  113  8:07  Zealot  
  113  8:10  Archon  
  107  8:22  Zealot x2  
  107  8:23  Zealot x2  
  93  8:27  Zealot x2  
  93  8:33  Observer  
  83  8:38  Zealot x3  
  63  8:45  High Templar  
  63  8:46  High Templar, Zealot x5  
  63  8:47  Warp Prism (Chrono Boost)  
  69  8:53  Archon  
  71  9:02  Stalker x3  
  80  9:07  Sentry  
  80  9:08  Zealot x4  
  87  9:18  Zealot x2  
  91  9:24  High Templar  
  91  9:25  High Templar  
  91  9:29  Archon, Zealot x5  
  105  9:34  Zealot  
  107  9:41  Zealot x2  
  107  9:45  Zealot x3  
  113  9:51  Zealot x3  
  109  9:54  Zealot  
  109  9:55  Zealot  
  110  10:02  Zealot x2  
  110  10:05  Zealot x2  
  76  10:17  High Templar x2  
  76  10:19  High Templar x2  
  76  10:20  Zealot x2  
  86  10:24  Archon  
  86  10:25  Zealot x2  
  86  10:26  Zealot  
  86  10:27  Archon  
  89  10:37  Zealot  
  89  10:42  Zealot x2  
  93  10:47  High Templar x2  
  93  10:48  Zealot  
  99  10:51  Zealot x2  
  99  10:56  Observer (Chrono Boost)  
  104  10:57  Zealot x3  
  104  10:58  Archon  
  104  11:03  Pylon  
  110  11:06  Zealot x2  
  114  11:13  Zealot x3  
  120  11:42  High Templar, Zealot x5  
  120  11:43  High Templar, Zealot x3  
  138  11:48  Archon  
  90  12:02  Zealot x5  
  90  12:05  Zealot  
Show
View Real Time Build Order
Export as new Build Order

ShoWTimE Protoss - Winner!

Build Orders: Phoenix Opening, Zealot Archon, Archon Drop 

Get SALT Encoding   

  12  0:00  Probe  
  13  0:12  Probe  
  14  0:17  Pylon  
  14  0:25  Probe (Chrono Boost)  
  15  0:36  Gateway  
  15  0:37  Probe (Chrono Boost)  
  16  0:44  Probe (Chrono Boost)  
  16  0:46  Assimilator  
  17  0:51  Probe  
  17  0:54  Assimilator  
  18  1:03  Probe (Chrono Boost)  
  19  1:07  Gateway  
  19  1:13  Probe (Chrono Boost)  
  19  1:18  Probe (Chrono Boost)  
  20  1:23  Cybernetics Core  
  21  1:29  Probe  
  22  1:35  Pylon  
  22  1:41  Probe  
  23  1:53  Probe  
  24  2:00  Warp Gate, Stalker x2  
  28  2:12  Pylon  
  28  2:13  Probe  
  29  2:30  Sentry  
  31  2:46  Probe  
  31  2:50  Nexus  
  32  2:59  Sentry  
  32  3:01  Shield Battery  
  32  3:03  Probe  
  34  3:07  Sentry  
  36  3:13  Robotics Facility  
  36  3:16  Probe  
  34  3:28  Probe (Chrono Boost)  
  34  3:37  Pylon  
  34  3:40  Probe (Chrono Boost)  
  34  3:41  Phoenix  
  35  3:46  Probe (Chrono Boost)  
  36  3:55  Probe (Chrono Boost), Adept x2  
  41  4:00  Observer  
  42  4:03  Probe (Chrono Boost)  
  42  4:07  Probe (Chrono Boost)  
  44  4:12  Probe (Chrono Boost)  
  44  4:14  Probe (Chrono Boost)  
  46  4:17  Probe (Chrono Boost), Forge  
  46  4:21  Probe  
  48  4:29  Probe  
  49  4:33  Probe  
  50  4:41  Probe (Chrono Boost)  
  50  4:43  Protoss Ground Weapons Level 1 (Chrono Boost)  
  50  4:46  Assimilator  
  50  4:48  Probe (Chrono Boost), Assimilator  
  51  4:52  Phoenix  
  51  4:53  Probe (Chrono Boost), Twilight Council  
  51  4:58  Shield Battery  
  52  5:00  Probe (Chrono Boost)  
  52  5:01  Probe (Chrono Boost)  
  52  5:04  Gateway  
  53  5:07  Probe  
  53  5:09  Probe, Gateway  
  53  5:13  Warp Prism  
  55  5:15  Observer  
  55  5:18  Pylon  
  55  5:20  Probe  
  56  5:21  Probe  
  59  5:30  Charge  
  59  5:35  Templar Archives  
  59  5:40  Gateway  
  59  5:45  Gateway  
  59  5:53  Stalker x2  
  59  5:56  Gateway  
  63  6:02  Gateway  
  63  6:03  Phoenix  
  63  6:13  Pylon  
  63  6:16  Pylon  
  63  6:18  High Templar x4  
  69  6:24  Archon x2  
  69  6:31  Nexus  
  69  6:35  Pylon  
  69  6:36  Zealot  
  71  6:41  Protoss Ground Weapons Level 2 (Chrono Boost)  
  71  6:44  Zealot  
  73  7:05  High Templar x2, Zealot x3  
  83  7:10  Pylon  
  83  7:11  Pylon  
  83  7:15  Archon  
  83  7:16  Phoenix  
  83  7:24  Zealot x3  
  89  7:31  High Templar x2  
  89  7:32  Zealot  
  89  7:36  Archon  
  95  7:40  Shield Battery  
  95  7:44  Zealot x2  
  99  7:54  High Templar  
  99  7:55  High Templar, Shield Battery  
  99  7:56  Zealot x2  
  99  7:58  Pylon  
  107  8:01  Archon  
  107  8:06  Zealot x2  
  107  8:10  Zealot  
  113  8:16  Zealot x3  
  103  8:27  Zealot x2  
  85  8:30  Zealot x2  
  81  8:38  Zealot x4  
  81  8:39  Observer  
  73  8:48  Protoss Shields Level 1 (Chrono Boost)  
  73  8:52  Probe x3  
  73  8:55  High Templar x2, Zealot x2  
  80  8:59  Archon  
  80  9:01  Zealot  
  80  9:02  Zealot x3  
  92  9:08  Pylon  
  92  9:16  Zealot x2  
  96  9:24  High Templar  
  96  9:25  High Templar, Zealot x2  
  96  9:29  Archon, Zealot x2  
  108  9:46  Zealot x4  
  108  9:51  Zealot  
  108  9:52  Zealot  
  112  9:59  Zealot x2  
  80  10:12  Zealot x3  
  80  10:13  Zealot x3  
  84  10:22  Probe x2  
  84  10:23  Probe  
  84  10:25  High Templar x2  
  91  10:30  Archon  
  91  10:46  High Templar x4, Zealot x2  
  103  10:50  Gateway, Archon x2  
  103  10:52  Gateway  
  103  11:00  Assimilator  
  103  11:01  Sentry  
  103  11:02  Assimilator, Zealot  
  107  11:12  Zealot x2, Shield Battery  
  107  11:14  Pylon, Immortal (Chrono Boost)  
  114  11:26  Zealot x5  
  114  11:29  Zealot  
  124  11:34  Shield Battery  
  124  11:35  Zealot x2  
  124  11:38  Pylon  
  128  11:46  Zealot x4  
  128  11:47  Zealot  
  138  11:55  Zealot x3  
  138  11:59  Zealot  
  122  12:04  Zealot  
  122  12:07  Zealot x2  
  106  12:12  Zealot  
  106  12:13  Zealot  

Tags
 
Add a new tag
Caveats
  • Supply blocks, unpowered buildings, or Contaminate may cause inaccurate times.
  • Supply counts are checked every 10 seconds.